 Dungeon Crawl Stone Soup version 0.27-a0-1374-gc14e5d3922 (webtiles) character file.

Game seed: 5896232788684393171

168 Ijustatesigmund the Skirmisher (level 5, -12/37 HPs)
             Began as an Octopode Fighter on June 29, 2021.
             Mangled by an ogre (28 damage)
             ... on level 4 of the Dungeon.
             The game lasted 00:04:36 (4052 turns).

Ijustatesigmund the Skirmisher (Octopode Fighter)   Turns: 4052, Time: 00:04:37

Health: -12/37     AC:  1    Str: 16    XL:     5   Next: 49%
Magic:  5/5        EV: 12    Int: 10    God:
Gold:   187        SH:  9    Dex: 18    Spells: 3/4 levels left

rFire    . . .     SeeInvis .   a - +0 war axe
rCold    . . .     Faith    .   b - +0 kite shield
rNeg     . . .     Spirit   .   (helmet restricted)
rPois    .         Reflect  .   (no amulet)
rElec    .         Harm     .   c - +6 ring of dexterity
rCorr    .         Rampage  .   (no ring)
Will     .....                  (no ring)
Stlth    +++.......             (no ring)
HPRegen  0.12/turn              (no ring)
MPRegen  0.09/turn              (no ring)
                                (no ring)
                                (no ring)

@: no status effects
A: almost no armour, amphibious, 8 rings, camouflage 1, gelatinous body 1,
(nimble swimmer 1), tentacles
a: no special abilities


You were on level 4 of the Dungeon.
You visited 1 branch of the dungeon, and saw 4 of its levels.

You collected 187 gold pieces.

Inventory:

Hand Weapons
 a - a +0 war axe (weapon)
Missiles
 g - 37 poisoned darts (quivered)
Armour
 b - a +0 kite shield (worn)
Jewellery
 c - a +6 ring of dexterity (left tentacle)
 f - a +4 ring of evasion
Scrolls
 e - 5 scrolls of identify
Potions
 d - a potion of heal wounds {unknown}


   Skills:
 + Level 3.8 Fighting
 * Level 3.7 Axes
 + Level 3.7 Dodging
 + Level 3.7 Shields


You had 3 spell levels left.
You knew the following spells:

 Your Spells              Type           Power      Damage    Failure   Level
a - Apportation           Tloc           0%         N/A       85%         1

Your spell library contained the following spells:

 Spells                   Type           Power      Damage    Failure   Level
 Animate Skeleton         Necr           0%         N/A       85%         1
 Corona                   Hex            0%         N/A       85%         1
 Summon Small Mammal      Summ           0%         N/A       85%         1


Dungeon Overview and Level Annotations

Branches:
Dungeon (4/15)             Temple (0/1) D:4

Altars:

Shops:
D:2 [


Innate Abilities, Weirdness & Mutations

You cannot wear most types of armour.
You are amphibious.
You can wear up to eight rings at the same time.
Your skin changes colour to match your surroundings (Stealth+).
Your rubbery body absorbs attacks. (AC +1, EV +1)
((You are camouflaged near water. (Stealth+)))
You have tentacles for arms and can constrict up to eight enemies at once.


Message History

No target in view!
No target in view!
No target in view!
No target in view!
No target in view!
No target in view!
No target in view!
No target in view!
No target in view!
No target in view!
No target in view!
Things that are here:
a jackal corpse; a jackal corpse
Found a staircase to the Ecumenical Temple.
An ogre comes into view. It is wielding a +0 giant club.
A hound skeleton comes into view.
The ogre hits you with a +0 giant club.
You completely miss the ogre. You block the ogre's attack.
You slash the ogre!
The ogre is heavily wounded.
The ogre hits you with a +0 giant club!!
You are too injured to fight recklessly!
You are too injured to fight recklessly!
You are too injured to fight recklessly!
You are too injured to fight recklessly!
You are too injured to fight recklessly!
You are too injured to fight recklessly!
You are too injured to fight recklessly!
You hit the ogre.
The ogre is severely wounded.
You block the ogre's attack.
You slash the ogre!
The ogre is almost dead.
The ogre barely misses you.
You hit the ogre but do no damage.
The ogre is almost dead.
You hit the hound skeleton. The hound skeleton misses you.
The ogre hits you with a +0 giant club!!
Ouch! That really hurt!
You die...

.. .. ... .. #.#
....###.. #.##.........
# #.#...#.....# .###
##.#.###..>..###...
####......#.....#...#
...†............O.!#####
.###...#....###.@Z......
.# ##.##.....#...#######
.# #†##.....#...# .#
#.##...#...### .#
#....#..#### .#
####....# .# ##.#.# .#
#.#.# .# #.#.#


You could see an ogre and a hound skeleton.

Vanquished Creatures
  2 adders
  3 gnolls (D:3)
  A worm (D:2)
  5 dart slugs
  6 orcs (D:3)
  5 ball pythons
  6 endoplasms
  13 hobgoblins
  10 jackals
  5 kobolds
  2 quokkas
  7 bats
  6 frilled lizards
  15 goblins
  7 rats
93 creatures vanquished.

Notes
Turn   | Place    | Note
-------+----------+-------------------------------------------
     0 | D:1      | Ijustatesigmund the Octopode Fighter began the quest for
                  | the Orb.
     0 | D:1      | Reached XP level 1. HP: 16/16 MP: 1/1
   282 | D:1      | Reached XP level 2. HP: 21/21 MP: 2/2
   863 | D:1      | Reached XP level 3. HP: 16/26 MP: 3/3
  1499 | D:2      | Learned a level 1 spell: Apportation
  1660 | D:2      | Found Adghofeu's Antique Armour Emporium.
  1743 | D:2      | Reached XP level 4. HP: 20/31 MP: 4/4
  3158 | D:3      | Reached XP level 5. HP: 22/36 MP: 5/5
  4036 | D:4      | Found a staircase to the Ecumenical Temple.
  4044 | D:4      | Noticed an ogre
  4052 | D:4      | Mangled by an ogre

Illustrated notes

Levels and vault maps discovered:
D:1:      lightli_arrival_boilingwater, layout_loops_cross
D:2:      cheibrodos_greedy_goblins, layout_loops_corners, serial_shops,
          nicolae_shop_behind_doors, minmay_pentomino_x2
D:3:      layout_basic
D:4:      layout_loops_ring, okawaru_ov_weapons_minmay, minmay_temple_entry_tees

Skill      XL: |  1  2  3 |
---------------+----------+-----
Axes           | 3 |  3.7
Fighting       | |  3.8
Dodging        | |  3.7
Shields        | |  3.7

Action                   |  1- 3 |  4- 6 || total
-------------------------+-------+-------++-------
Melee: War axe           |    57 |    85 ||   142
       Constrict         |    10 |    30 ||    40
       Tentacles         |     4 |    17 ||    21
  Use: Scroll            |     4 |       ||     4
       Potion            |       |     2 ||     2
 Stab: Sleeping          |     8 |     5 ||    13
Armor: Skin              |     5 |     7 ||    12
Dodge: Dodged            |    26 |    34 ||    60
Block: Kite shield       |    26 |    44 ||    70

Table legend: (Time is in decaauts)
 A = Elapsed time spent in this place.
 B = Non-inter-level travel time spent in this place.
 C = Inter-level travel time spent in this place.
 D = Time resting spent in this place.
 E = Time spent auto-exploring this place.
 F = Levels seen in this place.
 G = Mean time per level.
                   A        B        C        D        E       F      G
               +--------+--------+--------+--------+--------+-----+--------+
         Total |   4133 |   4050 |     83 |   1181 |   2406 |   4 | 1033.2 |
       Dungeon |   4133 |   4050 |     83 |   1181 |   2406 |   4 | 1033.2 |
               +--------+--------+--------+--------+--------+-----+--------+

Top non-repeatable levels by time:
     D:2: 1777 daAuts
     D:1: 1155 daAuts
     D:3: 921 daAuts
     D:4: 279 daAuts
